 Dungeon Crawl Stone Soup version 0.26-a0-667-g92642533e4 (webtiles) character file.

Game seed: 4093954296809553440

62 jasper the Sneak (level 3, 0/28 HPs)
             Began as a Demonspawn Brigand on Oct 18, 2020.
             Slain by Grinder (6 damage)
             ... on level 3 of the Dungeon.
             The game lasted 00:03:37 (2243 turns).

jasper the Sneak (Demonspawn Brigand)               Turns: 2243, Time: 00:03:38

Health: 0/28       AC:  6    Str: 12    XL:     3   Next: 85%
Magic:  4/12       EV: 10    Int: 12    God:
Gold:   126        SH:  4    Dex: 14    Spells: 2/2 levels left

rFire    . . .     SeeInvis .   a - +2 dagger
rCold    . . .     Faith    .   (no shield)
rNeg     . . .     Spirit   .   h - +0 ring mail
rPois    .         Reflect  .   (no helmet)
rElec    .         Harm     .   c - +0 cloak
rCorr    .         Rampage  .   (no gloves)
MR       +....                  (no boots)
Stlth    ++........             (no amulet)
HPRegen  0.09/turn              q - ring of magical power
MPRegen  0.13/turn              p - ring of protection from magic

@: no status effects
A: claws 1, large bone plates 1
a: no special abilities


You were on level 3 of the Dungeon.
You visited 1 branch of the dungeon, and saw 3 of its levels.

You collected 126 gold pieces.

Inventory:

Hand Weapons
 a - a +2 dagger (weapon)
Missiles
 d - a poisoned dart (quivered)
 f - 37 stones
 i - 3 javelins
Armour
 b - a +0 robe
 c - a +0 cloak (worn)
 h - a +0 ring mail (worn)
Jewellery
 m - an uncursed ring of wizardry
 p - a ring of protection from magic (right claw)
 q - a ring of magical power (left claw)
Scrolls
 j - a scroll of immolation {unknown}
 l - 3 scrolls of fear {unknown}
 o - 2 scrolls of remove curse {unknown}
 r - 2 scrolls of amnesia {unknown}
Potions
 k - a potion of degeneration
 n - a potion of flight


   Skills:
 + Level 2.7 Fighting
 - Level 1.7 Short Blades
 - Level 1.7 Throwing
 + Level 1.4 Armour
 - Level 1.5 Dodging
 - Level 3.6 Stealth
 * Level 1.5 Unarmed Combat


You had 2 spell levels left.
You didn't know any spells.
Your spell library was empty.

Dungeon Overview and Level Annotations

Branches:
Dungeon (2/15)

Altars:
Gozag
Wu Jian

Annotations:
D:3 Grinder


Innate Abilities, Weirdness & Mutations

You have sharp fingernails.
You are partially covered in large bone plates. (SH +4)


Message History

The poisoned dart closely misses Grinder.
Grinder hits you.
You writhe in agony.
You take 5 damage, and have 11/28 hp.
Throwing (i - inventory. (/) - cycle)
d - 3 poisoned darts (quivered)
Press: ? - help, Shift-Dir - straight line, f/p - Grinder
Aim: Grinder (lightly wounded, poisoned)
You throw a poisoned dart. The poisoned dart hits Grinder.
Grinder looks even sicker.
Grinder is lightly wounded.
Grinder barely misses you.
Throwing (i - inventory. (/) - cycle)
d - 2 poisoned darts (quivered)
Press: ? - help, Shift-Dir - straight line, f/p - Grinder
Aim: Grinder (lightly wounded, very poisoned)
You throw a poisoned dart. The poisoned dart hits Grinder.
Grinder is lightly wounded.
Grinder says, "Mostly I couldn't keep them alive."
Grinder hits you.
* * * LOW HITPOINT WARNING * * *
You writhe in agony.
You die...

#.##.#.# #.##.#.#
###......# ..
#......#####.#.#
#.#.##.......#.#
#.#.##.#######.#
#...##.###### !####..
#†.###......##.......
##..###(...5@#...5....
#..............#
#.######.....### #.
#.....# #. ####### #.
.. .. .#


You could see Grinder (very poisoned).

Vanquished Creatures
  An adder (D:2)
  An ooze (D:1)
  3 worms (D:2)
  A dart slug (D:1)
  A leopard gecko (D:1)
  A giant cockroach (D:2)
  3 goblins
  7 hobgoblins
  A quokka (D:2)
  10 bats
  5 frilled lizards
  4 rats
38 creatures vanquished.

Notes
Turn   | Place    | Note
-------+----------+-------------------------------------------
     0 | D:1      | jasper the Demonspawn Brigand began the quest for the Orb.
     0 | D:1      | Reached XP level 1. HP: 16/16 MP: 1/1
    52 | D:1      | Reached skill level 1 in Dodging
   262 | D:1      | Gained mutation: You have sharp fingernails. [demonic
                  | ancestry]
   262 | D:1      | Reached XP level 2. HP: 17/22 MP: 2/2
   480 | D:1      | Reached skill level 1 in Armour
   853 | D:1      | Gained mutation: You are partially covered in large bone
                  | plates. (SH +4) [demonic ancestry]
   853 | D:1      | Reached XP level 3. HP: 28/28 MP: 3/3
   884 | D:2      | Found an opulent altar of Gozag.
  1173 | D:2      | Reached skill level 1 in Unarmed Combat
  1367 | D:2      | Found an ornate altar of the Wu Jian Council.
  2174 | D:2      | You fall into a shaft and drop 1 floor!
  2225 | D:3      | Noticed Grinder
  2243 | D:3      | Slain by Grinder

Illustrated notes

Levels and vault maps discovered:
D:1:      lightli_molten_gateway, layout_basic, minmay_misc_feat_four_crosses
D:2:      layout_basic, nicolae_gozag_seed_capital, overflow_temple_1_default,
          minmay_liquid_box, minmay_misc_feat_five
D:3:      layout_loops_cross, ebering_ghost_reflecting_pool, uniq_grinder

Skill      XL: |  1  2  3 |
---------------+----------+-----
Dodging        | 1 |  1.5
Armour         | 1 |  1.4
Unarmed Combat | 1 |  1.5
Fighting       | |  2.7
Short Blades   | |  1.7
Throwing       | |  1.7
Stealth        | |  3.6

Action                   || total
-------------------------++-------
Melee: Dagger            ||   151
       Punch             ||     2
Throw: Dart              ||    19
  Use: Scroll            ||     2
 Stab: Sleeping          ||     4
Armor: Robe              ||     8
       Ring mail         ||    50
Dodge: Dodged            ||    87
Block: Other             ||    11

Table legend: (Time is in decaauts)
 A = Elapsed time spent in this place.
 B = Non-inter-level travel time spent in this place.
 C = Inter-level travel time spent in this place.
 D = Time resting spent in this place.
 E = Time spent auto-exploring this place.
 F = Levels seen in this place.
 G = Mean time per level.
                   A        B        C        D        E       F      G
               +--------+--------+--------+--------+--------+-----+--------+
         Total |   2225 |   2213 |     12 |    323 |   1530 |   3 |  741.7 |
       Dungeon |   2225 |   2213 |     12 |    323 |   1530 |   3 |  741.7 |
               +--------+--------+--------+--------+--------+-----+--------+

Top non-repeatable levels by time:
     D:2: 1284 daAuts
     D:1: 875 daAuts
     D:3: 65 daAuts
